 Dungeon Crawl Stone Soup version 0.21.1-1-g345015fe64 (webtiles) character file.

1911 Kirk the Thaumaturge (level 8, 52/52 HPs)
             Began as a Demonspawn Wizard on June 17, 2018.
             Was an Initiate of Vehumet.
             Quit the game on level 7 of the Dungeon on July 28, 2018.
             The game lasted 00:28:47 (7515 turns).

Kirk the Thaumaturge (Demonspawn Wizard)            Turns: 7515, Time: 00:28:47

Health: 52/52      AC:  4    Str:  6    XL:     8   Next: 95%
Magic:  20/20      EV: 12    Int: 22    God:    Vehumet [......]
Gold:   311        SH:  0    Dex: 11    Spells: 14/23 levels left

rFire    . . .     SeeInvis .   o - +3 falchion (vamp)
rCold    . . .     Gourm    .   (no shield)
rNeg     . . .     Faith    .   j - +1 robe (curse)
rPois    .         Spirit   .   b - +0 hat
rElec    .         Reflect  .   (no cloak)
rCorr    +         Harm     .   l - +0 pair of gloves
MR       .....                  (no boots)
Stlth    ++........             (no amulet)
HPRegen  0.17/turn              m - ring of resist corrosion
MPRegen  0.17/turn              (no ring)

@: no status effects
A: horns 1, demonic guardian 1, deterioration 1, powered by pain 1, weak 1,
evolution 1, subdued magic 1, sanguine armour 1
a: Renounce Religion


You were on level 7 of the Dungeon.
You worshipped Vehumet.
Vehumet was noncommittal.
You were very hungry.

You visited 2 branches of the dungeon, and saw 9 of its levels.

You collected 311 gold pieces.

Inventory:

Hand Weapons
 a - a +1 dire flail of protection
 h - a +1 mace of crushing
 o - a +3 vampiric falchion (weapon)
Armour
 b - a +0 hat (worn)
 j - a cursed +1 robe (worn)
 l - a +0 pair of gloves (worn)
Jewellery
 m - a ring of resist corrosion (left hand)
Scrolls
 f - 2 scrolls of remove curse
 p - a scroll of teleportation
 q - a scroll of amnesia
 s - a scroll of fear
 u - 2 scrolls of fog
 w - 2 scrolls of identify
 y - a scroll of enchant weapon
 A - a scroll of magic mapping
Potions
 e - a potion of flight
 i - a potion of lignification
 k - a potion of berserk rage
 n - 2 potions of brilliance
 r - a potion of haste
 t - a potion of invisibility
 v - 2 potions of might
 x - a potion of resistance
 z - 2 potions of heal wounds
Books
 c - a book of Minor Magic

   Spells                             Type                      Level
   a - Magic Dart                     Conjuration                  1
   b - Blink                          Translocation                2
   c - Call Imp                       Summoning                    2
   d - Slow                           Hexes                        2
   e - Conjure Flame                  Conjuration/Fire             3
   f - Mephitic Cloud                 Conjuration/Poison/Air       3
 g - a book of Changes

   Spells                             Type                      Level
   a - Beastly Appendage              Transmutation                1
   b - Sticks to Snakes               Transmutation                2
   c - Spider Form                    Transmutation/Poison         3
   d - Ice Form                       Ice/Transmutation            4
   e - Blade Hands                    Transmutation                5
Comestibles
 d - 3 rations


   Skills:
   Level 0.7(2.2) Short Blades
 * Level 3.3(3.4) Long Blades
 + Level 2.0 Dodging
 - Level 1.7 Stealth
 + Level 8.0 Spellcasting
 + Level 7.2 Conjurations
   Level 1.0 Summonings
 - Level 0.8 Translocations


You had 14 spell levels left.
You knew the following spells:

 Your Spells              Type           Power        Failure   Level  Hunger
a - Magic Dart            Conj           ####         1%          1    None
b - Blink                 Tloc           N/A          6%          2    None
c - Conjure Flame         Conj/Fire      ###.....     3%          3    None
d - Mephitic Cloud        Conj/Pois/Air  ##......     7%          3    None


Dungeon Overview and Level Annotations

Branches:
Dungeon (8/15)             Temple (1/1) D:7
   Lair: D:8-11

Altars:
Ashenzari
Dithmenos
Elyvilon
Gozag
Hepliaklqana
Kikubaaqudgha
Makhleb
Nemelex Xobeh
Okawaru
Qazlal
Ru
Sif Muna
Trog
Uskayaw
Vehumet
Wu Jian
Xom
Yredelemnul
Zin
The Shining One

Shops:
D:5 *

Annotations:
D:4 Menkaure
D:8 martinkus's ghost, journeyman MiBe


Innate Abilities, Weirdness & Mutations

You have a pair of small horns on your head.
A weak demonic guardian rushes to your aid.
You sometimes gain a little power by taking damage.
When seriously injured, your bleeding wounds create armour. (AC +0)
Your body sometimes deteriorates upon taking damage.
You are weak. (Str -2)
You evolve.
Your spells are a little easier to cast, but a little less powerful.


Message History

Found a rapier.
There is a stone staircase leading down here.
There is a stone staircase leading up here.
Done exploring.
Done exploring.
There is a stone staircase leading down here.
You climb downwards.
Found 23 sling bullets, a scroll of fear, a papyrus book and 14 gold pieces.
There is a stone staircase leading up here.
Martinkus's ghost (journeyman Minotaur Berserker) comes into view.
Martinkus's ghost turns its malevolent gaze towards you.
Martinkus's ghost makes a sound of rattling chains.
There is a stone staircase leading up here.
You climb upwards.
There is a stone staircase leading down here.
Saving game... please wait.
Welcome back, Kirk the Demonspawn Wizard.
Vehumet says: Let it end in hellfire!
Press ? for a list of commands and other information.
Are you sure you want to abandon this character and quit the game? (Confirm with "yes".)

........#.....#.###.......######.
#...#####.P.P.#.###.......# #.
#...## ##..>..#...........# #.
.....# #..P.P....############# #.
#....# #......##.# #.......# #.
##.#.###.#.#..##.#####.#####.# #.
.......#...##[##..........##.# #.
.....#.###.......##.##.##.##[# #.
#.##.#.######.##@##.##.##.##.###.
....................##...........
.....#........##.#####.##########
#.##.#..####..##.#####.#
........####..##.......#
.....##.##....##########
##.####.##.##.# ##.####.##.##.#
......#.......#


There were no monsters in sight!

Vanquished Creatures
  Eustachio (D:6)
  Edmund (D:6)
  A water moccasin (D:5)
  A phantom (D:4)
  A black bear (D:5)
  3 ogres
  3 bullfrogs (D:6)
  2 scorpions
  A howler monkey (D:4)
  A crimson imp (D:6)
  A bullfrog zombie (D:4)
  4 hounds
  A jelly (D:6)
  A centaur skeleton (D:5)
  2 iguanas (D:7)
  Natasha (thrice) (D:4)
  4 worker ants
  Terence (D:3)
  A killer bee zombie (D:5)
  A hound zombie (D:7)
  2 hound skeletons
  3 gnolls (D:6)
  9 adders
  An ooze (D:7)
  A worm (D:2)
  3 dart slugs
  4 leopard geckos
  4 orcs
  2 giant cockroaches
  6 goblins
  7 hobgoblins
  10 jackals
  6 kobolds
  5 quokkas
  3 ball pythons
  10 bats
  2 frilled lizards (D:1)
  A quokka skeleton (D:5)
  12 rats
125 creatures vanquished.

Vanquished Creatures (collateral kills)
  Prince Ribbit (D:6)
  A centaur (D:5)
2 creatures vanquished.

Vanquished Creatures (others)
  A giant cockroach (D:4)
  A quokka (D:4)
2 creatures vanquished.

Grand Total: 129 creatures vanquished

Notes
Turn   | Place    | Note
-------+----------+-------------------------------------------
     0 | D:1      | Kirk the Demonspawn Wizard began the quest for the Orb.
     0 | D:1      | Reached XP level 1. HP: 13/13 MP: 4/4
   471 | D:1      | Gained mutation: You sometimes gain a little power by taking damage. [demonic ancestry]
   471 | D:1      | Reached XP level 2. HP: 19/19 MP: 1/6
  1337 | D:2      | Reached XP level 3. HP: 24/24 MP: 5/8
  1684 | D:2      | Learned a level 2 spell: Blink
  1688 | D:2      | Learned a level 3 spell: Conjure Flame
  1692 | D:2      | Learned a level 3 spell: Mephitic Cloud
  1693 | D:2      | Gained mutation: You occasionally shout uncontrollably at your foes. [potion of mutation]
  1693 | D:2      | Gained mutation: You do not regenerate when monsters are visible. [potion of mutation]
  1693 | D:2      | Gained mutation: You are agile. (Dex +2) [potion of mutation]
  1694 | D:2      | Found a faded altar of an unknown god.
  1791 | D:2      | Reached skill level 4 in Spellcasting
  2105 | D:2      | Reached XP level 4. HP: 30/30 MP: 5/10
  2497 | D:3      | Noticed Terence
  2503 | D:3      | Killed Terence
  2619 | D:3      | Noticed an ogre
  2713 | D:3      | Killed an ogre
  2713 | D:3      | Reached XP level 5. HP: 35/35 MP: 2/12
  3068 | D:3      | Found a glowing golden altar of the Shining One.
  3070 | D:3      | Found a basalt altar of Yredelemnul.
  3074 | D:3      | Found a burning altar of Makhleb.
  3074 | D:3      | Found a stormy altar of Qazlal.
  3075 | D:3      | Found a hazy altar of Hepliaklqana.
  3078 | D:3      | Found an opulent altar of Gozag.
  3079 | D:3      | Found an ancient bone altar of Kikubaaqudgha.
  3180 | D:4      | Noticed Menkaure
  3409 | D:4      | Noticed a phantom
  3448 | D:3      | Lost mutation: You are agile. (Dex +2) [potion of mutation]
  3448 | D:3      | Lost mutation: You occasionally shout uncontrollably at your foes. [potion of mutation]
  3448 | D:3      | Lost mutation: You do not regenerate when monsters are visible. [potion of mutation]
  3448 | D:3      | Gained mutation: Your spells are a little easier to cast, but a little less powerful. [potion of mutation]
  3448 | D:3      | Gained mutation: You are weak. (Str -2) [potion of mutation]
  3448 | D:3      | Gained mutation: Your body sometimes deteriorates upon taking damage. [potion of mutation]
  3448 | D:3      | Gained mutation: You evolve. [potion of mutation]
  3662 | D:4      | Noticed Natasha
  3670 | D:4      | Killed Natasha
  3670 | D:4      | Reached skill level 5 in Spellcasting
  3716 | D:4      | Gained mutation: You have a pair of small horns on your head. [demonic ancestry]
  3716 | D:4      | Reached XP level 6. HP: 41/41 MP: 4/13
  4427 | D:4      | Found a white marble altar of Elyvilon.
  4583 | D:4      | Noticed Natasha
  4591 | D:4      | Killed Natasha
  4710 | D:4      | Noticed Natasha
  4715 | D:4      | Killed Natasha
  4768 | D:5      | Entered Level 5 of the Dungeon
  4791 | D:5      | Gained mutation: A weak demonic guardian rushes to your aid. [demonic ancestry]
  4791 | D:5      | Reached XP level 7. HP: 38/46 MP: 8/15
  4826 | D:5      | Found a sparkling altar of Nemelex Xobeh.
  4835 | D:5      | Reached skill level 6 in Spellcasting
  4990 | D:5      | Reached skill level 5 in Conjurations
  4994 | D:5      | Reached skill level 1 in Long Blades
  5302 | D:5      | Found Uwnixt's Serpentskin Sales.
  5577 | D:5      | Gained mutation: When seriously injured, your bleeding wounds create armour. (AC +0) [demonic ancestry]
  5577 | D:5      | Reached XP level 8. HP: 33/52 MP: 15/18
  6038 | D:6      | Reached skill level 7 in Spellcasting
  6039 | D:6      | Found an ornate altar of the Wu Jian Council.
  6142 | D:6      | Noticed Edmund
  6244 | D:6      | Noticed Prince Ribbit
  6271 | D:6      | Killed Prince Ribbit
  6596 | D:6      | Noticed Eustachio
  6605 | D:6      | Killed Eustachio
  6627 | D:6      | Killed Edmund
  6841 | D:7      | Found a shattered altar of Ashenzari.
  7115 | D:7      | Found a staircase to the Ecumenical Temple.
  7142 | Temple   | Entered the Ecumenical Temple
  7181 | Temple   | Became a worshipper of Vehumet
  7257 | D:7      | Found a sacrificial altar of Ru.
  7270 | D:7      | Reached skill level 8 in Spellcasting
  7511 | D:8      | Noticed martinkus's ghost (journeyman MiBe)
  7515 | D:7      | Quit the game

Skill      XL: |  1  2  3  4  5  6  7  8 |
---------------+-------------------------+-----
Conjurations   | 2 3 4 5 7 |  7.2
Spellcasting   | 4 5 6 8 |  8.0
Long Blades    | 1 3 |  3.3
Dodging        | 2 |  2.0
Short Blades   | |  0.7
Stealth        | |  1.7
Summonings     | |  1.0
Translocations | |  0.8

Action                   |  1- 3 |  4- 6 |  7- 9 || total
-------------------------+-------+-------+-------++-------
Melee: Unarmed           |     2 |       |       ||     2
       Short sword       |    70 |       |       ||    70
       Mace              |       |    21 |       ||    21
       Falchion          |       |       |    65 ||    65
       Headbutt          |       |       |     6 ||     6
 Cast: Magic Dart        |   102 |    94 |   129 ||   325
       Conjure Flame     |       |     7 |    11 ||    18
       Mephitic Cloud    |       |     7 |    18 ||    25
       Blink             |       |     1 |       ||     1
  Use: Scroll            |     7 |     6 |     5 ||    18
       Potion            |     3 |     3 |     1 ||     7
 Stab: Invisible         |       |       |     1 ||     1
       Confused          |       |       |     4 ||     4
  Eat: Chunk             |     4 |     4 |     6 ||    14
       Ration            |       |     3 |       ||     3
Armor: Robe              |    15 |     4 |    11 ||    30
       Skin              |    21 |       |       ||    21
Dodge: Dodged            |    52 |    15 |    44 ||   111
       Rpst.: Falchion   |       |       |    15 ||    15
